Match 42774218
Unlisted

Match 42774218
End
250 Light Carrier
Selects Armored Support Battlegroup
250 Light Carrier
Panzerpioneer Squad
250 Light Carrier
Selects Superior Fire Drills
250 Light Carrier
Construct Light Support Kompanie
Construct Mechanized Kompanie
Combat Half-tracks
Assault Mechanized Group
Advanced Field Repairs
Construct Panzerarmee Kommand
Selects Salvage Kits
Panzer III L Medium Tank
Selects Panzer Storm
Tungsten Core Ammunition
Panzer III L Medium Tank
Panzer III L Medium Tank
Honey
khj
Zebra
스팀계정족같네
梦境110
supernova0102
误入此间风
猪是念来过倒
0
0

Comments sign in to comment!

No comments posted yet!